 Dungeon Crawl Stone Soup version 0.29.1-12-g30fa7ad0bf (webtiles) character file.

Game seed: 11607805122421346562

28 Pytinka the Stinger (level 3, 0/19 HPs)
             Began as a Gargoyle Venom Mage on Dec 22, 2022.
             Slain by Terence
             ... wielding a +0 hand axe
              (2 damage)
             ... on level 2 of the Dungeon.
             The game lasted 00:02:29 (1694 turns).

Pytinka the Stinger (Gargoyle Venom Mage)           Turns: 1694, Time: 00:02:30

Health: 0/19       AC:  6    Str: 11    XL:     3   Next: 12%
Magic:  1/6        EV: 12    Int: 17    God:
Gold:   37         SH:  0    Dex: 10    Spells: 5/6 levels left

rFire   . . .      SeeInvis .   (no weapon)
rCold   . . .      Faith    .   (no shield)
rNeg    + . .      Spirit   .   a - +0 robe
rPois   ∞          Reflect  .   (no helmet)
rElec   +          Harm     .   (no cloak)
rCorr   .          Rampage  .   (no gloves)
Will    .....                   e - +0 pair of boots
Stlth   ++........              (no amulet)
HPRegen 0.06/turn               (no ring)
MPRegen 0.10/turn               (no ring)

@: no status effects
A: sickness immunity, AC +3, negative energy resistance 1, electricity
resistance, torment resistance 1, petrification resistance
a: no special abilities


You were on level 2 of the Dungeon.
You visited 1 branch of the dungeon, and saw 2 of its levels.

You collected 37 gold pieces.

Inventory:

Armour
 a - a +0 robe (worn)
 e - a +0 pair of boots (worn)
Scrolls
 d - 2 scrolls of identify {unknown}
 g - a scroll of vulnerability {unknown}
 i - a scroll of teleportation {unknown}
 k - a scroll of noise {unknown}
Potions
 b - a potion of magic
 c - a potion of mutation {unknown}
 f - a potion of cancellation {unknown}
 h - a potion of curing {unknown}
 j - a potion of ambrosia {unknown}
 l - 2 potions of attraction {unknown}


   Skills:
 + Level 1.9 Dodging
 + Level 2.3 Stealth
 + Level 0.8 Unarmed Combat
 * Level 2.2 Spellcasting
 * Level 1.0 Transmutations
 * Level 3.4 Poison Magic


You had 5 spell levels left.
You knew the following spells:

 Your Spells              Type           Power      Damage    Failure   Level
a - Sting                 Tmut/Pois      36%        1d4       8%          1

Your spell library contained the following spells:

 Spells                   Type           Power      Damage    Failure   Level
 Poisonous Vapours        Pois/Air       14%        N/A       14%         2
 Mephitic Cloud           Conj/Pois/Air  5%         N/A       34%         3
 Olgreb's Toxic Radiance  Pois           13%        N/A       43%         4
 Summon Guardian Golem    Hex/Summ       1%         N/A       50%         3
 Orb of Destruction       Conj           0%         9d5       100%        7
 Spellforged Servitor     Conj/Summ      0%         N/A       100%        7


Dungeon Overview and Level Annotations

Branches:
Dungeon (2/15)

Altars:

Annotations:
D:2 Terence


Innate Abilities, Weirdness & Mutations

You are immune to sickness and miasma.
Your stone body is resilient. (AC +3)
You are immune to poison.
You resist negative energy. (rN+)
You are resistant to electric shocks. (rElec)
You are resistant to unholy torment.
You are immune to petrification.


Message History

Terence attacks as you move away! Terence barely misses you.
Terence attacks as you move away! Terence hits you with a +0 hand axe.
* * * LOW HITPOINT WARNING * * *
Terence says, "Rest in peace."
You are too injured to fight recklessly!
Casting: Sting (safe; 8% risk of failure)
Confirm with . or Enter, or press ? or * to list all spells.
Aiming: Sting (safe; 8% risk of failure)
Press: ? - help, Shift-Dir - straight line, f/p - Terence
Aim: Terence, wielding a +0 hand axe and wearing a +0 chain mail (heavily wounded, poisoned, 77% to hit)
The sting misses Terence.
The sting hits the goblin.
The goblin is poisoned.
You kill the goblin!
Terence looks more healthy.
Terence misses you.
Casting: Sting (safe; 8% risk of failure)
Confirm with . or Enter, or press ? or * to list all spells.
Aiming: Sting (safe; 8% risk of failure)
Press: ? - help, Shift-Dir - straight line, f/p - Terence
Aim: Terence, wielding a +0 hand axe and wearing a +0 chain mail (severely wounded, 77% to hit)
The sting hits Terence but does no damage.
Terence is poisoned.
Terence is severely wounded.
Terence hits you but does no damage. Terence attacks as you move away!
Terence hits you with a +0 hand axe.
* * * LOW HITPOINT WARNING * * *
Casting: Sting (safe; 8% risk of failure)
Confirm with . or Enter, or press ? or * to list all spells.
Aiming: Sting (safe; 8% risk of failure)
Press: ? - help, Shift-Dir - straight line, f/p - Terence
Aim: Terence, wielding a +0 hand axe and wearing a +0 chain mail (severely wounded, poisoned, 77% to hit)
The sting misses Terence.
Terence shouts, "DIE!!!"
Terence hits you but does no damage.
Casting: Sting (safe; 8% risk of failure)
Confirm with . or Enter, or press ? or * to list all spells.
Aiming: Sting (safe; 8% risk of failure)
Press: ? - help, Shift-Dir - straight line, f/p - Terence
Aim: Terence, wielding a +0 hand axe and wearing a +0 chain mail (almost dead, poisoned, 77% to hit)
The sting misses Terence.
Terence misses you. Terence attacks as you move away!
Terence hits you with a +0 hand axe.
You die...

... ..#.#.#....#.# .
..#.#.#....#.# #.#.#.#....#.#
#.#...#....#.# #.# ##
#.#...#....#.# #.# ..
#.#...##.#.# #.# #.
#.....##.#.# ...
#.####........#.# #.#### #.
#.#>..........#@# #.... ...
#.#.###...###.#@# #..# ....
#.#.# #....##.#.#####..##..#
.#...###....##.#......).....#
............##.#######.....##
.###.###.##....#######..#.....
#.# #.########(...#..#.....
### #.# #####....#..#.#### ).#
#...<.........#


You could see Terence (poisoned).

Vanquished Creatures
  A dart slug (D:1)
  3 ball pythons
  2 bats (D:1)
  An endoplasm (D:1)
  2 giant cockroaches
  4 goblins
  A hobgoblin (D:1)
  4 jackals (D:1)
  A quokka (D:1)
  3 frilled lizards (D:1)
  A kobold (D:1)
23 creatures vanquished.

Notes
Turn   | Place    | Note
-------+----------+-------------------------------------------
     0 | D:1      | Pytinka the Gargoyle Venom Mage began the quest for the
                  | Orb.
     0 | D:1      | Reached XP level 1. HP: 10/10 MP: 3/3
   642 | D:1      | Reached XP level 2. HP: 15/15 MP: 3/5
   833 | D:1      | Reached skill level 1 in Transmutations
  1278 | D:1      | Reached XP level 3. HP: 19/19 MP: 0/6
  1666 | D:2      | Noticed Terence
  1694 | D:2      | Slain by Terence

Illustrated notes

Levels and vault maps discovered:
D:1:      tarquinn_simple_flora_water_d, layout_loops_ring, serial_bayou_pond_d
D:2:      minmay_diamond_boxcup, layout_basic, lightli_corner_chamber,
          uniq_terence

Skill      XL: |  1  2 |
---------------+-------+-----
Transmutations | 1 |  1.0
Dodging        | |  1.9
Stealth        | |  2.3
Unarmed Combat | |  0.8
Spellcasting   | |  2.2
Poison Magic   | |  3.4

Action                   || total
-------------------------++-------
Melee: Unarmed           ||    32
       Punch             ||     1
 Cast: Sting             ||    46
Armor: Robe              ||    33
Dodge: Dodged            ||    59
